 Dungeon Crawl Stone Soup version 0.20-a0-823-gdec668e (webtiles) character file.

62 Laan the Chopper (level 4, 0/42 HPs)
             Began as a Naga Berserker on Mar 5, 2017.
             Was a Follower of Trog.
             Slain by Natasha (6 damage)
             ... on level 2 of the Dungeon.
             The game lasted 00:01:30 (988 turns).

Laan the Chopper (Naga Berserker)                    Turns: 988, Time: 00:01:31

Health: 0/42       AC:  2    Str: 19    XL:     4   Next: 8%
Magic:  4/4        EV: 10    Int:  8    God:    Trog [*.....]
Gold:   14         SH:  0    Dex: 11    Spells: 3/3 levels left

rFire    + . .     SeeInvis +   k - +0 hand axe (chop)
rCold    + . .     Gourm    .   l - +0 robe {rC+ rF+}
rNeg     . . .     Faith    .   (no shield)
rPois    +         Spirit   .   (no helmet)
rElec    .         Reflect  .   (no cloak)
rCorr    .         Harm     .   (no gloves)
MR       +....                  (no barding)
Stlth    +.........             (no amulet)
Regen    0.2/turn               (no ring)
MPRegen  0.1/turn               d - ring of protection from magic

@: exhausted, slowed, very slow
A: see invisible, deformed body, poison resistance, slowness 2, slow metabolism
1, spit poison 1, AC +1
a: Spit Poison, Berserk, Burn Spellbooks, Renounce Religion


You were on level 2 of the Dungeon.
You worshipped Trog.
Trog was aware of your devotion.
You were hungry.

You visited 1 branch of the dungeon, and saw 2 of its levels.

You collected 14 gold pieces.

Inventory:

Hand Weapons
 k - a +0 hand axe of chopping (weapon)
Armour
 l - a +0 robe of resistance (worn)
Jewellery
 d - a ring of protection from magic (left hand)
Scrolls
 b - a scroll of random uselessness {unknown}
 f - a scroll of enchant weapon {unknown}
 j - a scroll of remove curse {unknown}
Potions
 e - a potion of agility {unknown}
 h - a potion of curing {unknown}
 i - a potion of mutation {unknown}
Comestibles
 a - 3 chunks of flesh
 c - a bread ration
 g - 4 fruits


   Skills:
 - Level 3.0 Fighting
 + Level 4.8 Axes
 - Level 1.5 Armour
 - Level 1.5 Dodging


You had 3 spell levels left.
You didn't know any spells.

Dungeon Overview and Level Annotations

Branches:
Dungeon (2/15)

Altars:

Annotations:
D:2 Natasha


Innate Abilities, Weirdness & Mutations

You cannot wear boots.
Your serpentine skin is tough. (AC +1)
You have supernaturally acute eyesight. (SInv)
Armour fits poorly on your strangely shaped body.
Your system is resistant to poisons. (rPois)
You cover ground very slowly.
You have a slow metabolism.
You can spit poison.


Message History

You have got your breath back.
Natasha casts a spell at you. The magic dart hits you!
You slash Natasha!
Natasha is almost dead.
Natasha stares at you and mumbles some strange words.
The magic dart hits you! Natasha claws you.
You barely miss Natasha.
Natasha is almost dead.
Natasha misses you.
You miss Natasha.
Natasha is almost dead.
Natasha claws you.
* * * LOW HITPOINT WARNING * * *
Natasha claws you.
* * * LOW HITPOINT WARNING * * *
You miss Natasha.
Natasha is almost dead.
Natasha claws you.
You die...

###...#.#.#
.#.......#.#####
................
#.$....?....h..
###....#.#.#
.......#.#.#
#....†...#
#..###h### #..#
#@# #(.# #.#
#..# #.# #..#
#.#######
#..###.......#
#....(........
##.#########.#
#.# ### #.# #..


You could see Natasha.

Vanquished Creatures
  Natasha (D:2)
  An adder (D:2)
  An ooze (D:1)
  A worm (D:2)
  2 dart slugs (D:1)
  3 hobgoblins
  2 kobolds
  2 bats (D:1)
  2 frilled lizards
  5 rats
20 creatures vanquished.

Vanquished Creatures (others)
  5 toadstools (D:1)
5 creatures vanquished.

Grand Total: 25 creatures vanquished

Notes
Turn   | Place    | Note
-------+----------+-------------------------------------------
     0 | D:1      | Laan the Naga Berserker began the quest for the Orb.
     0 | D:1      | Reached XP level 1. HP: 21/21 MP: 1/1
   147 | D:1      | Reached XP level 2. HP: 21/28 MP: 2/2
   813 | D:2      | Reached skill level 4 in Axes
   883 | D:2      | Reached XP level 3. HP: 25/34 MP: 3/3
   967 | D:2      | Noticed Natasha
   972 | D:2      | Killed Natasha
   972 | D:2      | Reached XP level 4. HP: 42/42 MP: 4/4
   976 | D:2      | Noticed Natasha
   988 | D:2      | Slain by Natasha

Vault maps used:
D:1:      ldierk_walled_garden
D:2:      first_bread, uniq_robin, uniq_jessica, uniq_crazy_yiuf_cottage,
          uniq_natasha

Skill      XL: |  1  2 |
---------------+-------+-----
Axes           | 4 |  4.8
Fighting       | |  3.0
Armour         | |  1.5
Dodging        | |  1.5

Action                   |  1- 3 |  4- 6 || total
-------------------------+-------+-------++-------
Melee: Hand axe          |    68 |     8 ||    76
Invok: Berserk           |     1 |       ||     1
 Abil: Spit Poison       |       |     1 ||     1
Armor: Animal skin       |    13 |       ||    13
       Robe              |     2 |       ||     2
Dodge: Dodged            |    53 |     5 ||    58
